Description

make cyclone win game

Replay - 123

Build Order

Get SALT Encoding   

  12  0:01  SCV  
  13  0:13  SCV  
  14  0:17  Supply Depot  
  14  0:25  SCV  
  15  0:29  Refinery  
  15  0:38  SCV  
  16  0:45  Barracks  
  16  0:50  SCV  
  17  1:02  SCV  
  18  1:15  SCV  
  19  1:32  Orbital Command, Reaper  
  20  1:46  Command Center  
  20  1:58  Factory  
  20  2:05  SCV  
  20  2:06  Reaper  
  22  2:12  Supply Depot  
  22  2:17  SCV  
  22  2:19  Refinery  
  22  2:29  SCV  
  23  2:38  Marine  
  23  2:43  Cyclone  
  28  2:55  Marine  
  28  2:57  Orbital Command  
  30  3:08  Starport  
  31  3:17  Marine  
  32  3:20  Cyclone  
  36  3:40  Marine  
  38  3:45  Viking, Supply Depot  
  41  3:53  Cyclone  
  46  4:04  Engineering Bay  
  46  4:05  Barracks Reactor  
  47  4:15  Supply Depot  
  48  4:19  Starport Tech Lab  
  48  4:23  Supply Depot  
  50  4:25  Factory Tech Lab  
  50  4:26  Refinery  
  51  4:32  Missile Turret x2  
  53  4:50  Starport Reactor  
  53  4:51  Barracks x2  
  52  5:01  Marine  
  52  5:05  Bunker  
  54  5:08  Siege Tank  
  58  5:19  Bunker, Marine  
  61  5:24  Terran Infantry Weapons Level 1  
  62  5:35  Starport Reactor  
  63  5:37  Marine x3  
  63  5:40  Siege Tank  
  70  5:47  Marine  
  71  6:15  Barracks Tech Lab  
  72  6:19  Medivac x2  
  72  6:21  Siege Tank  
  81  6:37  Combat Shields, Refinery  
  86  6:56  Medivac  
  91  7:01  Siege Tank  
  90  7:21  Medivac x2  
  92  7:38  Command Center  
  92  7:40  Siege Tank  
  96  7:50  Barracks x2, Terran Infantry Armor Level 1  
  102  8:12  Siege Tank  
  106  8:21  Barracks x2  
  108  8:30  Barracks  
  108  8:31  Barracks Tech Lab  
  110  8:46  Factory Tech Lab  
  108  9:17  Siege Tank  
  107  9:39  Viking  
  107  9:42  Armory  
  107  9:43  Engineering Bay  
Spawning Tool Build Advisor. Get it on Overwolf

Go to:

Details

  • Created by: Aggression
  • Published on: Oct 07, 2017
  • Modified on: Oct 07, 2017
  • Patch: 3.8.0
Show
View Real Time Build Order
Export as new Build Order

Comments (2)

On Oct. 27, 2017, 2:09 a.m., Aggression  said:

Must be a problem with spawningtool. Download the replay to see when stimpack was researched.

On Oct. 27, 2017, 1:50 a.m., GosuCharlie  said:

There is no timing for Stimpack ?

Create an account to comment!